 Dungeon Crawl Stone Soup version 0.20.1-1-g8b1a95d (webtiles) character file.

55 Irenicus the Insei (level 3, 0/26 HPs)
             Began as an Octopode Chaos Knight on Oct 9, 2017.
             Slain by a gnoll
             ... wielding a +0 spear
              (10 damage)
             ... on level 2 of the Dungeon.
             The game lasted 00:02:27 (1124 turns).

Irenicus the Insei (Octopode Chaos Knight)          Turns: 1124, Time: 00:02:28

Health: 0/26       AC:  1    Str: 11    XL:     3   Next: 93%
Magic:  3/3        EV:  7    Int: 14    God:    Xom [..*...]
Gold:   56         SH:  0    Dex: 12    Spells: 2/2 levels left

rFire    . . .     SeeInvis .     - Unarmed
rCold    . . .     Gourm    .   (no shield)
rNeg     . . .     Faith    .   (helmet restricted)
rPois    .         Spirit   .   (no amulet)
rElec    .         Reflect  .   d - ring of flight
rCorr    .         Harm     .   (no ring)
MR       .....                  (no ring)
Stlth    ++........             (no ring)
Regen    0.1/turn               (no ring)
MPRegen  0.1/turn               (no ring)
                                (no ring)
                                (no ring)

@: held, heavily drained
A: almost no armour, stealthy swim, amphibious, 8 rings, constrict 8, camouflage
1, gelatinous body 1
a: Renounce Religion, Evoke Flight


You were on level 2 of the Dungeon.
You worshipped Xom.
You were a toy of Xom.
You were hungry.

You visited 1 branch of the dungeon, and saw 2 of its levels.

You collected 56 gold pieces.

Inventory:

Missiles
 m - a throwing net (quivered)
Jewellery
 b - an uncursed amulet of harm
 d - a ring of flight (left tentacle)
Scrolls
 e - a scroll of blinking {unknown}
 g - 3 scrolls of enchant armour {unknown}
 i - 2 scrolls of recharging {unknown}
 k - a scroll of identify {unknown}
 l - a scroll of amnesia {unknown}
Potions
 c - a potion of heal wounds {unknown}
 h - a potion of curing
 j - a potion of brilliance {unknown}
Comestibles
 a - a bread ration
 f - 7 fruits


   Skills:
 - Level 3.0(1.8) Fighting
 - Level 2.3(1.2) Dodging
 + Level 4.7(3.5) Unarmed Combat


You had 2 spell levels left.
You didn't know any spells.

Dungeon Overview and Level Annotations

Branches:
Dungeon (2/15)

Altars:
Ru


Innate Abilities, Weirdness & Mutations

You cannot wear most types of armour.
You are very stealthy in the water. (Stealth+)
You are amphibious.
You can wear up to eight rings at the same time.
You can use your tentacles to constrict eight enemies at once.
Your skin changes colour to match your surroundings (Stealth+).
Your rubbery body absorbs attacks. (AC +1, EV +1)


Message History

You tentacle-slap the gnoll but do no damage.
The gnoll is severely wounded.
You constrict the gnoll. The gnoll closely misses you.
The gnoll moves out of view.
You tentacle-slap the gnoll.
The gnoll is almost dead.
You constrict the gnoll. The gnoll hits you.
You tentacle-slap the gnoll.
You kill the gnoll!
The gnoll throws a throwing net.
The throwing net barely misses you.
You see here a throwing net.
m - a throwing net The gnoll throws a throwing net.
The throwing net hits you.
You become entangled in the net!
You struggle against the net.
You struggle against the net.
The gnoll hits you with a whip.
You tear a large gash into the net.
The gnoll hits you from afar with a spear!
You die...
Xom giggles madly!

##
##.#
g.. $.
.#
####g#
#.gg#
#@##.#
#.# ##
#.#
#.#
#.#
#.#
#(#
...
#.#
...
#.#
...
..#


You could see 3 gnolls.

Vanquished Creatures
  An adder (D:2)
  A gnoll (D:2)
  2 oozes (D:1)
  A ball python (D:1)
  3 bats
  A giant cockroach (D:1)
  2 goblins (D:1)
  3 hobgoblins (D:1)
  6 jackals (D:1)
  A kobold (D:1)
  A frilled lizard (D:2)
  6 rats (D:1)
28 creatures vanquished.

Notes
Turn   | Place    | Note
-------+----------+-------------------------------------------
     0 | D:1      | Irenicus the Octopode Chaos Knight began the quest for the Orb.
     0 | D:1      | Reached XP level 1. HP: 16/16 MP: 1/1
   127 | D:1      | XOM: potion effect (agility)
   151 | D:1      | XOM: harmless Summ miscast
   182 | D:1      | Reached XP level 2. HP: 17/21 MP: 2/2
   347 | D:1      | XOM: potion effect (brilliance)
   354 | D:1      | XOM: butterfly on damage
   368 | D:1      | Reached skill level 4 in Unarmed Combat
   409 | D:1      | XOM: divination: detect items
   416 | D:1      | Reached XP level 3. HP: 4/26 MP: 3/3
  1075 | D:2      | Found a sacrificial altar of Ru.
  1124 | D:2      | Slain by a gnoll

Skill      XL: |  1  2 |
---------------+-------+-----
Unarmed Combat | 4 |  4.7
Fighting       | |  3.0
Dodging        | |  2.3

Action                   || total
-------------------------++-------
Melee: Unarmed           ||    78
       Constrict         ||    15
       Tentacles         ||     9
       Punch             ||     1
  Use: Potion            ||     1
 Stab: Sleeping          ||     1
Armor: Skin              ||     9
Dodge: Dodged            ||    44
